 Dungeon Crawl Stone Soup version 0.27-a0-344-gae24eb6 (webtiles) character file.

Game seed: 1946719804413749589

62878 Toastz the Warrior (level 14, -2/141 HPs)
             Began as a Minotaur Monk on Feb 13, 2021.
             Was the Champion of Yredelemnul.
             Succumbed to poison (poison gas)
             ... on level 2 of the Swamp on Feb 14, 2021.
             The game lasted 02:04:54 (29055 turns).

Toastz the Warrior (Minotaur Monk)                 Turns: 29055, Time: 02:04:54

Health: -2/141     AC: 19    Str: 30    XL:     14   Next: 66%
Magic:  2/17       EV: 11    Int:  7    God:    Yredelemnul [******]
Gold:   1645       SH:  0    Dex: 13    Spells: 13/13 levels left

rFire    + . .     SeeInvis .   a - +3 glaive (venom)
rCold    + . .     Faith    +   (shield currently unavailable)
rNeg     + . .     Spirit   .   b - +0 plate armour
rPois    .         Reflect  .   (helmet restricted)
rElec    .         Harm     .   E - scarf {repulsion}
rCorr    .         Rampage  .   e - +0 pair of gloves
Will     +....                  (no boots)
Stlth    ..........             N - amulet of faith
HPRegen  0.33/turn              K - ring of Saitzapt {rF+ rC+ rN+ Str+3}
MPRegen  0.15/turn              S - +6 ring of strength

@: lethally poisoned (-2 -> -94), repel missiles
A: retaliatory headbutt, horns 2
a: Renounce Religion, Recall Undead Slaves, Injury Mirror, Animate Dead, Drain
Life, Enslave Soul


You were on level 2 of the Swamp.
You worshipped Yredelemnul.
Yredelemnul was exalted by your worship.
You visited 5 branches of the dungeon, and saw 23 of its levels.

You collected 2383 gold pieces.
You spent 738 gold pieces at shops.

Inventory:

Hand Weapons
 a - a +3 glaive of venom (weapon)
 q - a +1 vorpal hunting sling
Missiles
 o - 113 poisoned darts
 v - 29 boomerangs (quivered)
 F - 4 javelins
 U - 42 sling bullets
Armour
 b - a +0 plate armour (worn)
 e - a +0 pair of gloves (worn)
 y - a scarf of resistance
 E - a scarf of repulsion (worn)
Jewellery
 D - a ring of resist corrosion
 I - a ring of see invisible
 K - the ring of Saitzapt (left hand) {rF+ rC+ rN+ Str+3}
   (You found it on level 10 of the Dungeon)

   [ring of protection from cold]

   It affects your strength (+3).
   It protects you from fire.
   It protects you from cold.
   It protects you from negative energy.
 N - an amulet of faith (around neck)
 S - a +6 ring of strength (right hand)
 Y - a ring of wizardry
 Z - a ring of flight
Wands
 c - a wand of paralysis (11)
 j - a wand of iceblast (17)
 t - a wand of random effects (33)
 w - a wand of acid (17)
 B - a wand of polymorph (27)
 H - a wand of flame (57)
 L - a wand of mindburst (14)
Scrolls
 d - 3 scrolls of enchant armour {unknown}
 g - a scroll of holy word {unknown}
 l - 4 scrolls of enchant weapon
 m - 2 scrolls of noise {unknown}
 r - 5 scrolls of fear
 s - 4 scrolls of fog
 x - 4 scrolls of vulnerability
 J - 5 scrolls of teleportation
 O - a scroll of magic mapping {unknown}
 R - a scroll of amnesia {unknown}
 T - a scroll of immolation {unknown}
Potions
 f - 4 potions of attraction
 h - a potion of might
 k - 3 potions of haste {unknown}
 n - 3 potions of mutation
 p - 5 potions of lignification
 u - 2 potions of flight {unknown}
 z - 2 potions of brilliance {unknown}
 A - 3 potions of cancellation {unknown}
 C - 5 potions of ambrosia
 P - a potion of heal wounds
 Q - 5 potions of curing {unknown}
 W - 3 potions of magic {unknown}
 X - a potion of resistance {unknown}
Miscellaneous
 i - a box of beasts
 G - a phial of floods


   Skills:
 + Level 17.8 Fighting
 - Level 1.6 Maces & Flails
 + Level 14.9 Polearms
 * Level 17.0 Armour
 - Level 5.0 Dodging
 - Level 1.5 Stealth
 + Level 6.1 Invocations


You had 13 spell levels left.
You didn't know any spells.
Your spell library contained the following spells:

 Spells                   Type           Power        Failure   Level
 Animate Skeleton         Necr           0%           92%         1
 Apportation              Tloc           0%           92%         1
 Corona                   Hex            0%           92%         1
 Pain                     Necr           0%           92%         1
 Summon Small Mammal      Summ           0%           92%         1
 Vampiric Draining        Necr           0%           100%        3
 Animate Dead             Necr           0%           100%        4
 Agony                    Necr           0%           100%        5
 Borgnjor's Vile Clutch   Necr/Erth      0%           100%        5
 Irradiate                Conj/Tmut      0%           100%        5
 Death Channel            Necr           0%           100%        6
 Hydra Form               Tmut           0%           100%        6
 Simulacrum               Ice/Necr       0%           100%        6
 Statue Form              Tmut/Erth      0%           100%        6
 Dragon Form              Tmut           0%           100%        7


Dungeon Overview and Level Annotations

Branches:
Dungeon (12/15)            Temple (1/1) D:7            Lair (6/6) D:11
  Swamp (2/4) Lair:4       Spider (0/4) Lair:3        Slime (0/5) Lair:5
    Orc (2/2) D:12            Elf (0/3) Orc:2

Altars:
Ashenzari
Cheibriados
Dithmenos
Elyvilon
Fedhas
Gozag
Hepliaklqana
Kikubaaqudgha
Makhleb
Nemelex Xobeh
Okawaru
Qazlal
Ru
Sif Muna
Trog
Uskayaw
Vehumet
Wu Jian
Xom
Yredelemnul
Zin
The Shining One
Beogh
Jiyva

Shops:
D:6 [   D:7 :   D:10 =   Orc:2 *?(


Innate Abilities, Weirdness & Mutations

You reflexively headbutt those who attack you in melee.
You have a pair of horns on your head.


Message History

The swamp dragon claws you but does no damage.
The swamp dragon barely misses you.
Your vampire knight splashes around in the water.
Your vampire knight bites the swamp dragon.
Your vampire knight draws strength from the swamp dragon's injuries!
Okay, then.
You call on the dead to rise...
The dead are walking!
You are engulfed in poison gas.
You are more poisoned.
* * * LOW HITPOINT WARNING * * *
x2 You feel extremely sick.
Your vampire knight hits the swamp dragon with a +0 great sword!
The swamp dragon dies!
Yredelemnul accepts your kill.
You're standing in a cloud of poison gas!
You feel much better.
You are engulfed in poison gas.
You are more poisoned.
* * * LOW HITPOINT WARNING * * *
Your surroundings suddenly seem different.
* * * LOW HITPOINT WARNING * * *
You feel extremely sick.
A seven-headed hydra comes into view.
The seven-headed hydra roars!
The seven-headed hydra bites you.
* * * LOW HITPOINT WARNING * * *
The seven-headed hydra bites you.
* * * LOW HITPOINT WARNING * * *
The seven-headed hydra bites you.
* * * LOW HITPOINT WARNING * * *
The seven-headed hydra bites you but does no damage.
The seven-headed hydra bites you.
* * * LOW HITPOINT WARNING * * *
The seven-headed hydra bites you but does no damage. x2
A tyrant leech comes into view.
Found a stone staircase leading up.
Blink to where?
Press: ? - help, Dir - move target
As you read the scroll of blinking, it crumbles to dust.
You die...
Your body rises from the dead as a mindless zombie.

...♣♣ ♣♣♣ ..♣♣♣
♣♣♣♣..≈♣♣
≈...♣♣♣<.<≈≈...♣♣♣ ♣♣♣♣
.≈≈≈......≈≈≈....♣♣♣≈...
.≈≈≈≈.≈♣♣♣♣♣♣....≈....≈≈
.≈.≈≈.♣♣ ♣..≈≈...≈≈≈
....≈.♣ ♣♣.≈≈≈≈≈≈≈≈.
≈..≈≈≈♣ ♣≈.≈≈.≈≈≈≈≈.
.≈.≈≈≈. ♣♣..≈@....≈≈≈
)≈....♣♣ ♣♣♣≈.≈≈≈....≈≈§
...≈≈.. ♣≈...≈≈≈≈§≈.≈≈≈
≈≈≈≈≈.≈ ≈♣≈D....≈≈≈≈.≈≈
≈≈..≈.≈≈ ♣♣≈§≈♣§.......
♣..♣♣.....♣≈≈
♣≈≈≈...≈≈... .
♣.≈≈≈≈..≈≈≈... ♣≈.§≈≈≈≈.


You could see a seven-headed hydra.

Vanquished Creatures
  A hydra (Lair:4)
  Erica (D:8)
  A boulder beetle (Lair:6)
  2 orc high priests (Orc:1)
  A goliath frog (Swamp:1)
  A spriggan druid (Swamp:1)
  A bog body (Lair:4)
  3 orc knights (Orc:1)
  2 manticores
  2 orc sorcerers (Orc:1)
  A will-o-the-wisp (Swamp:1)
  3 cyclopes
  An oklob plant (Lair:6)
  6 elephants
  An ugly thing (D:11)
  Maurice (D:11)
  4 black mambas
  2 centaur zombies
  7 cane toads
  2 centaur skeletons
  A kobold demonologist (D:12)
  5 komodo dragons
  2 rime drakes
  2 polar bears
  A queen bee (Lair:3)
  5 trolls
  A slime creature (Lair:2)
  4 tyrant leeches (Swamp:1)
  4 blink frogs
  A dream sheep (Lair:6)
  Sigmund (D:4)
  2 redbacks (Lair:3)
  4 wyverns
  43 yaks
  A basilisk (D:11)
  Grum (D:9)
  2 wargs
  4 swamp worms
  Edmund (D:4)
  16 water moccasins
  19 orc warriors
  3 sky beasts
  A black bear (D:9)
  5 ice beasts
  10 ogres
  A necrophage (D:9)
  12 centaurs
  10 wolves
  A phantom (D:4)
  A kobold brigand (D:12)
  A gnoll sergeant (D:12)
  13 bullfrogs
  A scorpion (D:5)
  9 wights
  18 killer bees (Lair:3)
  5 electric eels
  3 howler monkeys
  3 bullfrog zombies
  A quasit (D:7)
  7 jellies
  8 orc priests
  10 hounds
  A bullfrog skeleton (D:11)
  6 iguanas
  10 orc wizards
  A hell rat (Lair:2)
  10 worker ants
  A hound zombie (D:11)
  2 hound skeletons
  A howler monkey zombie (D:7)
  A worker ant zombie (D:7)
  17 gnolls
  An ogre simulacrum (Orc:1)
  9 adders
  2 shadow imps
  4 white imps
  An ufetubus (D:8)
  12 oozes (Lair:2)
  An orc simulacrum (Orc:1)
  3 worms
  2 dart slugs (D:3)
  6 leopard geckos
  50 orcs
  6 bats
  6 giant cockroaches
  6 goblins
  9 hobgoblins
  6 kobolds
  2 quokkas (D:6)
  2 ball pythons
  3 frilled lizards
  A leopard gecko zombie (D:8)
  8 rats
476 creatures vanquished.

Vanquished Creatures (collateral kills)
  Nikola (Swamp:1)
  The ghost of Caerwyn the Brawler, a journeyman NaMo of Cheibriados (Orc:1)
  A fenstrider witch (Swamp:2)
  3 dire elephants (Lair:6)
  An ettin (Orc:1)
  An eleionoma (Swamp:1)
  A ghost crab (Swamp:1)
  4 hydras
  An alligator (Swamp:1)
  An anaconda (Lair:6)
  A two-headed ogre (Orc:1)
  Urug (Orc:1)
  A goliath frog (Swamp:1)
  A swamp dragon (Swamp:2)
  A bog body (Lair:4)
  3 orc knights
  An orc sorcerer (Orc:1)
  A will-o-the-wisp (Swamp:1)
  3 black mambas
  13 elephants
  7 cane toads
  2 komodo dragons
  2 rime drakes
  A troll (Orc:1)
  5 blink frogs (Lair:5)
  4 dream sheep (Lair:6)
  2 wyverns (D:11)
  3 basilisks
  19 yaks
  4 swamp worms
  An acid dragon (D:11)
  4 water moccasins
  18 orc warriors
  3 wolves (Lair:4)
  3 centaurs
  A kobold brigand (D:12)
  3 bullfrogs
  A spectral ogre (Orc:1)
  6 killer bees (Lair:3)
  An electric eel (Lair:6)
  3 orc priests (Orc:1)
  A hound (D:10)
  4 hell rats (Lair:2)
  8 orc wizards
  A worker ant (D:9)
  A troll simulacrum (Orc:1)
  A worker ant zombie (D:10)
  3 gnolls
  A shadow imp (D:10)
  4 orc simulacra (Orc:1)
  29 orcs
  2 goblins (D:10)
  A bush (Lair:5)
190 creatures vanquished.

Vanquished Creatures (others)
  A vampire knight (Swamp:1)
  A flayed ghost (Swamp:1)
  2 phantasmal warriors
  8 flying skulls
  A wraith (Orc:1)
  3 vampires
  2 goliath frog zombies (Swamp:1)
  3 wights
  A swamp worm zombie (Lair:4)
  2 hydra zombies
  2 redback zombies (Lair:3)
  2 mummies
  An alligator zombie (Swamp:1)
  A boulder beetle zombie (Lair:6)
  A tyrant leech zombie (Swamp:1)
  2 black mamba zombies
  2 dream sheep zombies (Lair:6)
  8 elephant zombies
  A ghost crab zombie (Swamp:1)
  2 komodo dragon zombies
  A warg zombie (Orc:2)
  4 water moccasin zombies
  A blink frog zombie (Lair:5)
  4 cane toad zombies
  2 rime drake zombies
  2 yak skeletons (D:11)
  A human zombie (D:11)
  2 ogre zombies (D:12)
  A sky beast zombie (D:10)
  An adder zombie (Lair:1)
  A black bear zombie (D:9)
  8 bullfrog zombies
  6 centaur zombies
  A giant cockroach zombie (D:8)
  5 gnoll zombies
  A goblin zombie (D:10)
  2 hound zombies
  An iguana skeleton (D:11)
  2 killer bee zombies (Lair:3)
  A leopard gecko zombie (D:11)
  A necrophage skeleton (D:9)
  An orc skeleton (D:11)
  58 orc zombies
  7 wolf zombies
  2 worker ant zombies
  2 wyvern zombies
  8 yak zombies
  11 foxfires (Swamp:1)
  85 fungi
  77 plants
345 creatures vanquished.

Grand Total: 1011 creatures vanquished

Notes
Turn   | Place    | Note
-------+----------+-------------------------------------------
     0 | D:1      | Toastz the Minotaur Monk began the quest for the Orb.
     0 | D:1      | Reached XP level 1. HP: 19/19 MP: 0/0
   357 | D:1      | Reached XP level 2. HP: 27/27 MP: 1/1
   675 | D:1      | Reached skill level 1 in Armour
  1037 | D:2      | Reached XP level 3. HP: 28/34 MP: 2/2
  1073 | D:2      | Reached skill level 5 in Fighting
  1073 | D:2      | Reached XP level 4. HP: 9/42 MP: 3/3
  2433 | D:3      | Reached XP level 5. HP: 29/48 MP: 4/4
  2656 | D:4      | Noticed an ogre
  2673 | D:4      | Killed an ogre
  2674 | D:4      | Reached skill level 5 in Polearms
  2997 | D:4      | Noticed a phantom
  3012 | D:4      | Killed a phantom
  3013 | D:4      | Reached XP level 6. HP: 34/58 MP: 5/5
  3260 | D:4      | Found a broken altar of Ashenzari.
  3835 | D:4      | Noticed Edmund
  3852 | D:4      | Killed Edmund
  3853 | D:4      | Reached XP level 7. HP: 66/66 MP: 6/6
  3878 | D:4      | Noticed Sigmund
  3882 | D:4      | Killed Sigmund
  4002 | D:5      | Entered Level 5 of the Dungeon
  4222 | D:5      | Reached skill level 5 in Armour
  4731 | D:5      | Reached XP level 8. HP: 75/75 MP: 7/7
  5667 | D:6      | Found Witau's Armour Shoppe.
  5675 | D:6      | Bought a scarf of resistance for 416 gold pieces
  6204 | D:7      | Reached skill level 10 in Fighting
  6793 | D:7      | Found Hixihel's Book Shop.
  6822 | D:7      | Reached XP level 9. HP: 86/86 MP: 8/8
  6885 | D:7      | Found a staircase to the Ecumenical Temple.
  6955 | Temple   | Entered the Ecumenical Temple
  7165 | Temple   | Became a worshipper of Yredelemnul the Dark
  7165 | Temple   | Reached * piety under Yredelemnul
  7165 | Temple   | Reached ** piety under Yredelemnul
  7169 | Temple   | Upgraded the game from 0.27-a0-334-g52645ef to
                  | 0.27-a0-344-gae24eb6
  7578 | D:8      | Noticed Erica
  7607 | D:8      | Killed Erica
  9027 | D:9      | Noticed Grum
  9413 | D:9      | Killed Grum
  9414 | D:9      | Reached XP level 10. HP: 78/97 MP: 11/11
  9963 | D:10     | Entered Level 10 of the Dungeon
 10236 | D:10     | Reached *** piety under Yredelemnul
 10248 | D:10     | Found a flagged portal.
 10531 | D:10     | Got a clouded golden ring
 10533 | D:10     | Identified the ring of Saitzapt {rF+ rC+ rN+ Str+3} (You
                  | found it on level 10 of the Dungeon)
 10812 | D:10     | Found Lecis's Jewellery Emporium.
 10821 | D:10     | Found a hide-covered altar of Uskayaw.
 11486 | D:11     | Reached skill level 10 in Polearms
 11498 | D:11     | Noticed a manticore
 11499 | D:11     | Reached skill level 5 in Invocations
 11520 | D:11     | Killed a manticore
 11520 | D:11     | Received a gift from Yredelemnul (a mummy)
 11526 | D:11     | Reached XP level 11. HP: 42/107 MP: 13/13
 11820 | D:11     | Received a gift from Yredelemnul (a wight)
 12292 | D:11     | Noticed Maurice
 12312 | D:11     | Killed Maurice
 12392 | D:11     | Noticed a purple ugly thing
 12401 | D:11     | Killed a purple ugly thing
 12727 | D:11     | Your ally Maurice died
 12732 | D:11     | Found a staircase to the Lair.
 12736 | D:11     | Reached skill level 10 in Armour
 13331 | D:12     | Reached **** piety under Yredelemnul
 13333 | D:12     | Received a gift from Yredelemnul (a mummy)
 13363 | D:12     | Found a gate leading to a gauntlet.
 13920 | D:12     | Found a staircase to the Orcish Mines.
 13957 | D:12     | Received a gift from Yredelemnul (a wight)
 13974 | D:12     | Reached skill level 15 in Fighting
 14712 | Lair:1   | Entered Level 1 of the Lair of Beasts
 15101 | Lair:1   | Found the +8 whip "Snakebite" {curare, rPois}
 15275 | Lair:1   | Reached skill level 1 in Maces & Flails
 15279 | Lair:1   | Reached XP level 12. HP: 113/121 MP: 15/15
 16037 | Lair:2   | Received a gift from Yredelemnul (3 flying skulls)
 16333 | Lair:2   | Received a gift from Yredelemnul (3 flying skulls)
 17256 | Lair:3   | Noticed a six-headed hydra
 17262 | Lair:3   | Killed a six-headed hydra
 17574 | Lair:3   | Reached ***** piety under Yredelemnul
 17768 | Lair:3   | Found a hole to the Spider Nest.
 17793 | Lair:3   | Noticed an eight-headed hydra
 17803 | Lair:3   | Killed an eight-headed hydra
 18241 | Lair:3   | Received a gift from Yredelemnul (a vampire)
 19110 | Lair:3   | Received a gift from Yredelemnul (a wight)
 19111 | Lair:3   | Reached XP level 13. HP: 83/130 MP: 16/16
 20522 | Lair:4   | Received a gift from Yredelemnul (a phantasmal warrior)
 20780 | Lair:4   | Found a staircase to the Swamp.
 21142 | Lair:5   | Received a gift from Yredelemnul (a vampire)
 21190 | Lair:5   | Found a staircase to the Slime Pits.
 21191 | Lair:5   | Found a viscous altar of Jiyva.
 21687 | Lair:6   | Entered Level 6 of the Lair of Beasts
 22063 | Lair:6   | Reached skill level 15 in Armour
 22078 | Lair:6   | Reached ****** piety under Yredelemnul
 22417 | Lair:6   | Reached skill level 5 in Dodging
 22467 | Lair:6   | Received a gift from Yredelemnul (2 flying skulls)
 23547 | Lair:6   | Noticed a dire elephant
 23557 | Lair:6   | Killed a dire elephant
 23840 | Lair:6   | Noticed a dire elephant
 23840 | Lair:6   | Noticed a dire elephant
 23855 | Lair:6   | Killed a dire elephant
 23856 | Lair:6   | Received a gift from Yredelemnul (a phantasmal warrior)
 23857 | Lair:6   | Killed a dire elephant
 24476 | Orc:1    | Entered Level 1 of the Orcish Mines
 24476 | Orc:1    | Found a runed translucent gate.
 24476 | Orc:1    | Found a runed translucent gate.
 24476 | Orc:1    | Found a runed translucent gate.
 24492 | Orc:1    | Reached XP level 14. HP: 100/140 MP: 17/17
 24688 | Orc:1    | Found a roughly hewn altar of Beogh.
 24723 | Orc:1    | Noticed Caerwyn's ghost (journeyman NaMo)
 25174 | Orc:1    | Paralysed by an orc sorcerer for 3 turns
 25185 | Orc:1    | Received a gift from Yredelemnul (a vampire knight)
 25310 | Orc:1    | Noticed Urug
 25317 | Orc:1    | Killed Urug
 25603 | Orc:1    | Found a transporter.
 25606 | Orc:1    | Found a transporter.
 25639 | Orc:1    | Received a gift from Yredelemnul (a vampire knight)
 25647 | Orc:1    | Your ally Urug died
 25950 | Orc:1    | Received a gift from Yredelemnul (a wraith)
 25955 | Orc:1    | Killed Caerwyn's ghost
 26258 | Orc:1    | Found a roughly hewn altar of Beogh.
 26279 | Orc:1    | Received a gift from Yredelemnul (a vampire)
 26548 | Orc:2    | Entered Level 2 of the Orcish Mines
 26548 | Orc:2    | Found a staircase to the Elven Halls.
 26654 | Orc:2    | Received a gift from Yredelemnul (a flayed ghost)
 26668 | Orc:2    | Found Ecoten's Weapon Shoppe.
 26668 | Orc:2    | Found Cuhaprih's Magic Scroll Shop.
 26670 | Orc:2    | Found Xuxafe's General Store.
 26675 | Orc:2    | Found Ofomeb's Assorted Antiques.
 26947 | Orc:2    | Bought a +3 glaive of venom for 322 gold pieces
 27890 | Swamp:1  | Entered Level 1 of the Swamp
 28378 | Swamp:1  | Received a gift from Yredelemnul (a vampire knight)
 28860 | Swamp:1  | Noticed Nikola
 28876 | Swamp:1  | Killed Nikola
 29041 | Swamp:2  | Noticed a fenstrider witch
 29050 | Swamp:2  | Killed a fenstrider witch
 29053 | Swamp:2  | HP: 6/141 [poisoned by a swamp dragon (poison gas)]
 29055 | Swamp:2  | Succumbed to poison (poison gas)

Illustrated notes

Levels and vault maps discovered:
D:1:      lemuel_arrival_hallway, layout_loops_cross
D:2:      layout_loops_cross
D:3:      layout_loops_cross
D:4:      layout_loops_ring, lemuel_round_altar, sigmund_edmund_badplayer
D:5:      layout_loops_corners
D:6:      layout_gridville, serial_shops, shop
D:7:      layout_loops_ring, minmay_temple_entry_junction, serial_shops,
          kennysheep_mini_moat, amethyst_killhole
D:8:      layout_cave_pools, uniq_erica
D:9:      layout_cave_pools, uniq_grum
D:10:     layout_basic, serial_shops, shop, enter_bailey_5, basic_altar
D:11:     layout_irregular_city, erik_lair_dragon, uniq_maurice
D:12:     layout_basic, kennysheep_orc_monster_closet_entryway,
          gauntlet_entry_generic
Temple:   minmay_crystal_snake_temple
Lair:1:   minmay_guarded_unrand_snakebite, layout_regular_city
Lair:2:   lemuel_slime, layout_regular_city, grunt_megastairs_2
Lair:3:   regret_index_wax_grids, layout_gridlike, spider_nest_entry_webs
Lair:4:   layout_cave_pods, nicolae_swamp_entry_splash_gauntlet,
          minmay_stone_trees_small, minivault_26,
          grunt_forest_small_clearing_treed
Lair:5:   layout_cave_shapes, slime_altar_1, serial_bayou_shore_b
Lair:6:   due_jungle_book, layout_cave_shapes, nicolae_quartered_pool_little
Swamp:1:  layout_basic_swamp, infiniplex_staircase_pool, uniq_nikola
Swamp:2:  cheibrodos_swamp_mausoleum, layout_basic_swamp, serial_swamp_ruin,
          evilmike_swamp_ruin_house_3, evilmike_swamp_ruin_rubble_2,
          evilmike_swamp_ruin_rubble_1
Orc:1:    gammafunk_beogh_shrine, layout_caves, gammafunk_ghost_necromancy,
          mines2_david, uniq_urug
Orc:2:    st_orc_rangers, layout_caves, enter_volcano_4

Skill      XL: |  1  2  3  4  5  6  7  8  9 10 11 12 13 14 |
---------------+-------------------------------------------+-----
Fighting       | 4 5 6 7 8 10 12 13 15 16 17 | 17.8
Armour         | 1 2 3 4 5 6 8 9 11 13 15 17 | 17.0
Polearms       | 4 5 6 7 9 10 11 12 14 | 14.9
Invocations    | 3 5 6 |  6.1
Maces & Flails | 1 |  1.6
Dodging        | 5 |  5.0
Stealth        | |  1.5

Action                   |  1- 3 |  4- 6 |  7- 9 | 10-12 | 13-15 || total
-------------------------+-------+-------+-------+-------+-------++-------
Melee: Spear             |   103 |   155 |     4 |       |       ||   262
       Headbutt          |    11 |    30 |    39 |   159 |   124 ||   363
       Halberd           |       |       |   255 |    54 |       ||   309
       Scythe            |       |       |    14 |       |       ||    14
       Glaive            |       |       |       |   539 |   494 ||  1033
       Whip              |       |       |       |    30 |       ||    30
 Fire: Hunting sling     |       |     7 |       |    10 |     3 ||    20
Throw: Stone             |     8 |    31 |       |       |       ||    39
       Dart              |       |    46 |    59 |       |       ||   105
       Boomerang         |       |       |    41 |    38 |     9 ||    88
Invok: Animate Remains   |       |       |    13 |    10 |       ||    23
       Animate Dead      |       |       |       |    75 |    77 ||   152
       Recall Undead Sla |       |       |       |     8 |    12 ||    20
       Injury Mirror     |       |       |       |     1 |       ||     1
       Drain Life        |       |       |       |     1 |     3 ||     4
       Enslave Soul      |       |       |       |       |     1 ||     1
 Abil: Evoke Flight      |       |       |       |       |     2 ||     2
  Use: Scroll            |     1 |       |     4 |     7 |     5 ||    17
       Potion            |       |       |     3 |     1 |     1 ||     5
 Stab: Distracted        |       |       |     1 |    10 |     6 ||    17
Armor: Ring mail         |     2 |       |       |       |       ||     2
       Robe              |     1 |       |       |       |       ||     1
       Plate armour      |    33 |    68 |   189 |   281 |   258 ||   829
Dodge: Dodged            |    32 |    26 |   120 |   248 |   272 ||   698
       Repelled          |       |       |       |     2 |     9 ||    11

Table legend: (Time is in decaauts)
 A = Elapsed time spent in this place.
 B = Non-inter-level travel time spent in this place.
 C = Inter-level travel time spent in this place.
 D = Time resting spent in this place.
 E = Time spent auto-exploring this place.
 F = Levels seen in this place.
 G = Mean time per level.
                   A        B        C        D        E       F      G
               +--------+--------+--------+--------+--------+-----+--------+
         Total |  29250 |  27396 |   1854 |   4435 |  19199 |  23 | 1271.7 |
       Dungeon |  14815 |  13852 |    963 |   2426 |   9407 |  12 | 1234.6 |
        Temple |    239 |    167 |     72 |      0 |    161 |   1 |  239.0 |
          Lair |   9754 |   9293 |    461 |   1069 |   7145 |   6 | 1625.7 |
         Swamp |   1220 |   1184 |     36 |    303 |    698 |   2 |  610.0 |
  Orcish Mines |   3220 |   2899 |    321 |    637 |   1786 |   2 | 1610.0 |
               +--------+--------+--------+--------+--------+-----+--------+

Top non-repeatable levels by time:
  Lair:6: 2595 daAuts
  Lair:3: 2526 daAuts
    D:11: 2296 daAuts
   Orc:1: 2129 daAuts
    D:12: 1674 daAuts
     D:8: 1522 daAuts
  Lair:4: 1447 daAuts
     D:4: 1361 daAuts
     D:7: 1265 daAuts
  Lair:1: 1245 daAuts
 Swamp:1: 1173 daAuts
     D:5: 1168 daAuts
  Lair:2: 1141 daAuts
    D:10: 1095 daAuts
   Orc:2: 1091 daAuts
